 Dungeon Crawl Stone Soup version 0.28-a0-723-g095bd1b44f (webtiles) character file.

Game seed: 3903440212154618409

7 blank1 the Ruffian (level 2, -7/26 HPs)
             Began as a Ghoul Monk on Oct 26, 2021.
             Mangled by Sigmund (13 damage)
             ... on level 2 of the Dungeon.
             The game lasted 00:01:05 (330 turns).

blank1 the Ruffian (Ghoul Monk)                      Turns: 330, Time: 00:01:06

Health: -7/26      AC:  2    Str: 14    XL:     2   Next: 0%
Magic:  1/1        EV: 12    Int:  5    God:
Gold:   32         SH:  0    Dex: 11    Spells: 1/1 levels left

rFire   . . .      SeeInvis .     - Unarmed
rCold   + . .      Faith    .   (no shield)
rNeg    + + +      Spirit   .   a - +0 robe
rPois   ∞          Reflect  .   (no helmet)
rElec   .          Harm     .   (no cloak)
rCorr   .          Rampage  .   (no gloves)
Will    .....                   (no boots)
Stlth   ++........              (no amulet)
HPRegen 0.00/turn               (no ring)
MPRegen 0.07/turn               (no ring)

@: inhibited regen
A: claws 1, cold resistance 1, negative energy resistance 3, inhibited
regeneration, torment resistance 2
a: no special abilities


You were on level 2 of the Dungeon.
You visited 1 branch of the dungeon, and saw 2 of its levels.

You collected 32 gold pieces.

Inventory:

Armour
 a - a +0 robe (worn)
Scrolls
 b - a scroll of noise {unknown}


   Skills:
 + Level 3.4 Fighting
 + Level 2.8 Dodging
 + Level 2.4 Stealth
 + Level 3.4 Unarmed Combat


You had one spell level left.
You didn't know any spells.
Your spell library was empty.

Dungeon Overview and Level Annotations

Branches:
Dungeon (1/15)

Altars:

Annotations:
D:2 Sigmund


Innate Abilities, Weirdness & Mutations

You thrive by killing the living.
You are immune to poison.
You have sharp fingernails.
Your flesh is cold resistant. (rC+)
You are immune to negative energy. (rN+++)
You do not regenerate when monsters are visible.
You are immune to unholy pain and torment.


Message History

A rat comes into view.
The rat bites you but does no damage.
You scratch the rat.
The rat is heavily wounded.
You scratch the rat.
You kill the rat!
You have reached level 2!
Something tries to affect you, but you resist.
The goblin shoots a stone.
Something tries to affect you, but you resist.
The goblin shoots a stone.
The stone misses you.
You are confused.
You're too confused to move!
You bump into the rock wall. 2 adders come into view.
Found a fuming puce potion.
The adder hisses angrily. x2
The goblin shoots a stone.
Something tries to affect you, but you resist.
The adder closely misses you.
The goblin shoots a stone.
The stone closely misses you.
A quokka comes into view.
You closely miss the adder. You closely miss the adder. The adder misses you.
The adder barely misses you. x2
You bump into the rock wall.
You feel less confused. The adder closely misses you. The adder bites you.
The adder closely misses you.
You claw the adder!
The adder is severely wounded.
The adder bites you. Something barely misses you.
The adder bites you but does no damage.
Unknown command.
You barely miss the adder.
The adder is severely wounded.
The adder bites you. The adder misses you. The adder bites you.
* * * LOW HITPOINT WARNING * * *
Something hits you!
Ouch! That really hurt!
You die...

##. #.## ..
#.###.## #. ###
####.#..g..
..!..
.....#.#>##
.#.#
######....# ...
.......)..# #r#
######...##
#S########
##.##
#@S{g....####.#
########......#
########


You could see 2 adders, a quokka and a goblin.

Vanquished Creatures
  A giant cockroach (D:1)
  2 goblins
  A ball python (D:1)
  A kobold (D:1)
  2 rats
7 creatures vanquished.

Notes
Turn   | Place    | Note
-------+----------+-------------------------------------------
     0 | D:1      | blank1 the Ghoul Monk began the quest for the Orb.
     0 | D:1      | Reached XP level 1. HP: 19/19 MP: 0/0
   269 | D:1      | You fall into a shaft and drop 1 floor!
   292 | D:2      | Noticed Sigmund
   318 | D:2      | Reached XP level 2. HP: 14/26 MP: 1/1
   330 | D:2      | Mangled by Sigmund

Illustrated notes

Levels and vault maps discovered:
D:1:      dpeg_arrival_round_b, layout_basic
D:2:      layout_loops_ring, minmay_tree_intersection, uniq_sigmund

Action                   || total
-------------------------++-------
Melee: Unarmed           ||    18
 Stab: Sleeping          ||     2
Armor: Robe              ||     6
Dodge: Dodged            ||    12

Table legend: (Time is in decaauts)
 A = Elapsed time spent in this place.
 B = Non-inter-level travel time spent in this place.
 C = Inter-level travel time spent in this place.
 D = Time resting spent in this place.
 E = Time spent auto-exploring this place.
 F = Levels seen in this place.
 G = Mean time per level.
                   A        B        C        D        E       F      G
               +--------+--------+--------+--------+--------+-----+--------+
         Total |    329 |    329 |      0 |     67 |    170 |   2 |  164.5 |
       Dungeon |    329 |    329 |      0 |     67 |    170 |   2 |  164.5 |
               +--------+--------+--------+--------+--------+-----+--------+

Top non-repeatable levels by time:
     D:1: 268 daAuts
     D:2: 60 daAuts
